 Dungeon Crawl Stone Soup version 0.31.0-32-g396128a36d (webtiles) character file.

Game seed: 5610263347555101168

197 monsoonserge the Ruffian (level 5, 0/33 HPs)
             Began as an Octopode Shapeshifter on Apr 7, 2024.
             Slain by an orc
             ... wielding a +3 trident
              (10 damage)
             ... on level 4 of the Dungeon.
             The game lasted 00:07:15 (2540 turns).

monsoonserge the Ruffian (Octopode Shapeshifter)    Turns: 2540, Time: 00:07:15

Health: 0/33       AC:  1    Str: 15    XL:     5   Next: 75%
Magic:  5/5        EV: 13    Int: 19    God:
Gold:   135        SH:  0    Dex: 11    Spells: 4/4 levels left

rFire   . .          .
                       - Unarmed
rCold   . . .        (no shield)
rNeg    . . .        (helmet currently unavailable)
rPois   .            (no amulet)
rElec   .            m - +6 ring of intelligence
rCorr   .            (no ring)
SInv    .            (no ring)
Will    .....        (no ring)
Stlth   ++           (no ring)
HPRegen 0.25/turn    (no ring)
MPRegen 0.09/turn    (no ring)
                     (no ring)

%: no passive effects
@: beast-form
A: beast (slay +2), almost no armour, amphibious, 8 rings, camouflage 1,
gelatinous body 1, (nimble swimmer 1), tentacles
a: Begin Untransformation


You were on level 4 of the Dungeon.
You were a hulking beast.
You visited 1 branch of the dungeon, and saw 4 of its levels.

You collected 135 gold pieces.

Inventory:

Hand Weapons
 i - a +2 vampiric dagger
Missiles
 n - 7 poisoned darts (quivered)
 t - 3 boomerangs
Magical Staves
 u - a staff of cold
Jewellery
 m - a +6 ring of intelligence (left tentacle)
Talismans
 b - a beast talisman
 c - a flux talisman
Scrolls
 d - 3 scrolls of teleportation {unknown}
 e - a scroll of enchant armour {unknown}
 f - 2 scrolls of immolation {unknown}
 h - a scroll of acquirement {unknown}
 k - 2 scrolls of enchant weapon {unknown}
 l - a scroll of amnesia {unknown}
 o - a scroll of blinking {unknown}
 q - a scroll of noise {unknown}
 s - a scroll of revelation {unknown}
Potions
 a - a potion of mutation {unknown}
 g - 3 potions of ambrosia {unknown}
 j - a potion of enlightenment {unknown}
 p - a potion of degeneration {unknown}
 r - 2 potions of haste {unknown}


   Skills:
 + Level 1.5 Fighting
 + Level 2.4 Dodging
 - Level 1.0 Stealth
 * Level 5.1 Unarmed Combat
 + Level 3.9 Shapeshifting


You had 4 spell levels left.
You didn't know any spells.
Your spell library contained the following spells:

 Spells                   Type           Power      Damage    Failure   Level
 Apportation              Tloc           0%         N/A       21%         1
 Necrotise                Necr           0%         1d4       21%         1
 Sting                    Conj/Alch      0%         1d3       21%         1
 Summon Small Mammal      Summ           0%         N/A       21%         1


Dungeon Overview and Level Annotations

Branches:
Dungeon (4/15)
 Temple: D:4-7

Altars:
Makhleb
Sif Muna
Trog


Innate Abilities, Weirdness & Mutations

You are a hulking beast.
Your limbs bulge with bestial killing power. (Slay +2)
You cannot wear most types of armour.
You are amphibious.
You can wear up to eight rings at the same time.
Your skin changes colour to match your surroundings (Stealth+).
Your rubbery body absorbs attacks. (AC +1, EV +1)
((You are camouflaged when in or above water. (Stealth+)))
You have tentacles for arms and can constrict up to eight enemies at once.


Message History

An endoplasm comes into view.
The orc shouts!
The endoplasm quivers.
You tentacle-slap the orc. You grab the orc.
The orc is moderately wounded.
You constrict the orc.
You hear a shout!
The orc wizard barely misses you. The orc hits you with a +0 club.
You tentacle-slap the orc wizard. You grab the orc wizard.
You squeeze the orc wizard!
The orc wizard is severely wounded.
You constrict the orc. You constrict the orc wizard.
The orc wizard hits you with a +0 dagger.
The orc hits you with a +0 club.
You bludgeon the orc!
You kill the orc!
You constrict the orc wizard.
A kobold comes into view. It is wielding a +0 short sword.
The orc wizard barely misses you.
Unknown command.
You closely miss the orc. You grab the orc. You constrict the orc wizard.
You kill the orc wizard!
You constrict the orc, but do no damage.
The orc closely misses you.
Your Unarmed Combat skill increases to level 5!
Unknown command.
You tentacle-slap the orc but do no damage.
You constrict the orc, but do no damage.
The orc hits you from afar with a +3 trident!
The orc barely misses you.
You tentacle-slap the orc but do no damage.
You squeeze the orc.
The orc is severely wounded.
You constrict the orc, but do no damage.
The orc barely misses you. The orc closely misses you.
Unknown command.
You tentacle-slap the orc.
You kill the orc!
The orc hits you from afar with a +3 trident!
You die...

.###.###.###......#.##.####
..#.## ##.....#...#.# ..
.....###.###......<.# #[.
.>###.#.## #........# . ..
##.## #........# .. ###
#......###
..#############...#
?##.......# ##.## #
#.......######h########..
#.............))oJK......
#..........#.#####.......
#.......##.#.# .......
#..<....##...# .##.o..
#.....(.####.# .# .##
#######.####.### .# #
#............. .#
#.#####.####.# ##


You could see an orc, an endoplasm and a kobold.

Vanquished Creatures
  2 orc wizards
  A gnoll (D:3)
  2 adders
  A white imp (D:3)
  3 dart slugs
  A ribbon worm (D:3)
  6 orcs
  17 endoplasms
  6 giant cockroaches
  8 goblins
  6 hobgoblins
  14 jackals
  5 kobolds
  2 quokkas (D:1)
  A ball python (D:3)
  5 bats
  3 frilled lizards
  6 rats
89 creatures vanquished.

Notes
Turn   | Place    | Note
-------+----------+-------------------------------------------
     0 | D:1      | monsoonserge the Octopode Shapeshifter began the quest for
                  | the Orb.
     0 | D:1      | Reached XP level 1. HP: 13/13 MP: 1/1
    83 | D:1      | Reached XP level 2. HP: 18/18 MP: 2/2
   323 | D:1      | Reached XP level 3. HP: 23/23 MP: 3/3
   681 | D:1      | Reached skill level 1 in Stealth
  1156 | D:2      | Reached XP level 4. HP: 27/28 MP: 4/4
  1302 | D:2      | Reached skill level 4 in Unarmed Combat
  1850 | D:3      | Reached XP level 5. HP: 24/33 MP: 5/5
  2174 | D:3      | Found a bloodstained altar of Trog.
  2190 | D:3      | Found a shimmering blue altar of Sif Muna.
  2195 | D:3      | Got Sif Muna's Quarto of Angles
  2394 | D:3      | Found a burning altar of Makhleb.
  2538 | D:4      | Reached skill level 5 in Unarmed Combat
  2540 | D:4      | Slain by an orc

Illustrated notes

Levels and vault maps discovered:
D:1:      tarquinn_simple_flora_water_d, layout_loops_ring,
          minmay_close_crescents
D:2:      layout_rooms, interstate_on_off, dk_noncrumbling_2
D:3:      layout_rooms, nzn_overflow_gifts_of_might_and_magic,
          lightli_temple_of_fire, kennysheep_generic_room_11
D:4:      layout_loops_cross, okawaru_metal_pillars_1_2,
          minmay_temple_entry_water_ring, minmay_pentomino_pile,
          uniq_blork_the_orc

Skill      XL: |  1  2  3  4  5 |
---------------+----------------+-----
Stealth        | 1 |  1.0
Unarmed Combat | 4 5 |  5.1
Fighting       | |  1.5
Dodging        | |  2.4
Shapeshifting  | |  3.9

Action                     |  1- 3 |  4- 6 || total
---------------------------+-------+-------++-------
  Melee: Unarmed           |    92 |    79 ||   171
         Constrict         |    24 |    23 ||    47
         Tentacles         |    13 |    18 ||    31
         Punch             |       |     1 ||     1
    Use: Potion            |       |     1 ||     1
   Stab: Sleeping          |     5 |     4 ||     9
         Distracted        |     1 |       ||     1
 Armour: Skin              |    34 |    32 ||    66
  Dodge: Dodged            |    44 |    38 ||    82
